 Dungeon Sprint DCSS version 0.27-a0-1191-g601b473118 (webtiles) character file.

Game seed: 2221117133137318214

109 Zeld the Cleaver (level 4, 0/39 HPs)
             Began as a Minotaur Berserker on May 24, 2021.
             Was a Follower of Trog.
             Slain by Sigmund
             ... wielding a +2 scythe of protection
              (14 damage)
             ... in the Dungeon (Sprint I: "Red Sonja").
             The game lasted 00:00:19 (292 turns).

Zeld the Cleaver (Minotaur Berserker)                Turns: 292, Time: 00:00:20

Health: 0/39       AC:  3    Str: 23    XL:     4   Next: 60%
Magic:  3/3        EV: 11    Int:  4    God:    Trog [*.....]
Gold:   54         SH:  0    Dex:  9    Spells: 3/3 levels left

rFire    . . .     SeeInvis .   a - +0 hand axe
rCold    . . .     Faith    .   (no shield)
rNeg     . . .     Spirit   .   b - +0 leather armour
rPois    .         Reflect  .   (helmet restricted)
rElec    .         Harm     .   (no cloak)
rCorr    .         Rampage  .   (no gloves)
Will     .....     NoTele   +   (no boots)
Stlth    +.........             (no amulet)
HPRegen  0.13/turn              (no ring)
MPRegen  0.08/turn              (no ring)

@: on berserk cooldown, slowed, very slow
A: horns 2, retaliatory headbutt
a: Renounce Religion, Berserk


You were in the Dungeon.
You worshipped Trog.
Trog was aware of your devotion.
You visited 1 branch You collected 54 gold pieces.

Inventory:

Hand Weapons
 a - a +0 hand axe (weapon)
Armour
 b - a +0 leather armour (worn)
Scrolls
 h - a scroll of blinking
Potions
 c - a potion of curing
 d - a potion of heal wounds
 e - a potion of haste
 f - 2 potions of magic
 g - a potion of berserk rage


   Skills:
 - Level 3.6 Fighting
 * Level 11.4 Axes
 - Level 2.4 Armour
 - Level 2.1 Dodging


You had 3 spell levels left.
You didn't know any spells.
Your spell library was empty.

Dungeon Overview and Level Annotations

Branches:
Dungeon (1/1)

Altars:

Annotations:
D Sigmund


Innate Abilities, Weirdness & Mutations

You have a pair of horns on your head.
You reflexively headbutt those who attack you in melee.


Message History

You start resting.
You now have 27 gold pieces.
You now have 54 gold pieces (gained 27).
You start resting.
HP restored.
There is an open door here.
You open the door.
Sigmund the Dreaded comes into view.
He is wielding a +2 scythe of protection.
A red film seems to cover your vision as you go berserk!
You feel yourself moving faster!
You feel mighty! Sigmund closely misses you.
You feel a strong urge to attack something.
Sigmund closely misses you.
There is an open door here.
You slash Sigmund! Your headbutt misses Sigmund.
Sigmund is heavily wounded.
You barely miss Sigmund.
Sigmund is heavily wounded.
Sigmund points at you and mumbles some strange words.
You are confused.
Sigmund hits you with a +2 scythe of protection.
You feel a strong urge to attack something.
You are too confused!
You are no longer berserk.
You are exhausted.
You feel yourself slow down. Sigmund casts a spell at you.
The puff of flame hits you!
Sigmund hits you with a +2 scythe of protection.
Unknown command.
You bump into the stone wall.
Sigmund gestures at you while chanting. The magic dart hits you!
Sigmund closely misses you.
You miss Sigmund.
Sigmund is heavily wounded.
You feel less confused.
Sigmund hits you with a +2 scythe of protection.
Your leather armour prevents you from hitting Sigmund.
Sigmund is heavily wounded.
Sigmund hits you with a +2 scythe of protection!
You die...

#############
#<.#..)..#.@+
#..').#..'@.#
#..#####'####
#..# #..#
#..# ####
#..# #⌠⌠#
####


You could see Sigmund.

Vanquished Creatures
  An ogre (D)
  Ijyb (D)
2 creatures vanquished.

Notes
Turn   | Place    | Note
-------+----------+-------------------------------------------
     0 | D        | Zeld the Minotaur Berserker began the quest for the Orb.
     0 | D        | Reached XP level 1. HP: 19/19 MP: 0/0
     8 | D        | Noticed Ijyb
    12 | D        | Killed Ijyb
    13 | D        | Reached skill level 7 in Axes
    13 | D        | Reached XP level 2. HP: 26/26 MP: 1/1
   159 | D        | Noticed an ogre
   164 | D        | Killed an ogre
   165 | D        | Reached skill level 11 in Axes
   165 | D        | Reached XP level 3. HP: 26/31 MP: 2/2
   165 | D        | Reached XP level 4. HP: 33/39 MP: 3/3
   281 | D        | Noticed Sigmund
   292 | D        | Slain by Sigmund

Illustrated notes

Levels and vault maps discovered:
D:        dungeon_sprint_1 [red_sonja_temple_1, red_sonja_temple_small_1]

Skill      XL: |  1  2 |
---------------+-------+-----
Axes           | 7 11 | 11.4
Fighting       | |  3.6
Armour         | |  2.4
Dodging        | |  2.1

Action                   |  1- 3 |  4- 6 || total
-------------------------+-------+-------++-------
Melee: Hand axe          |     6 |     4 ||    10
       Headbutt          |     1 |       ||     1
Invok: Berserk           |     2 |     1 ||     3
Dodge: Dodged            |     2 |     3 ||     5

Table legend: (Time is in decaauts)
 A = Elapsed time spent in this place.
 B = Non-inter-level travel time spent in this place.
 C = Inter-level travel time spent in this place.
 D = Time resting spent in this place.
 E = Time spent auto-exploring this place.
 F = Levels seen in this place.
 G = Mean time per level.
                   A        B        C        D        E       F      G
               +--------+--------+--------+--------+--------+-----+--------+
         Total |    313 |    313 |      0 |    267 |      0 |   1 |  313.0 |
       Dungeon |    313 |    313 |      0 |    267 |      0 |   1 |  313.0 |
               +--------+--------+--------+--------+--------+-----+--------+

Top non-repeatable levels by time:
       D: 313 daAuts
